 Dungeon Crawl Stone Soup version 0.30-a0-358-g0d69a1922f (webtiles) character file.

Game seed: 14274576046130856713

3677 Nerdsrcool the Thaumaturge (level 10, -7/1 (64) HPs)
             Began as a Djinni Fire Elementalist on Nov 8, 2022.
             Blown up by Joseph (8 damage)
             ... with a mindburst bolt
             ... on level 9 of the Dungeon.
             The game lasted 00:40:47 (7755 turns).

Nerdsrcool the Thaumaturge (DjFE)                   Turns: 7755, Time: 00:40:48

HP:   -7/1 (64)     AC: 21    Str: 11    XL:     10   Next: 34%
Gold: 112           EV: 10    Int: 23    God:
                    SH:  0    Dex: 14

rFire   + + .      SeeInvis .    F - +3 mace (venom)
rCold   x . .      Faith    .    (no shield)
rNeg    . . .      Spirit   .    u - +4 scale mail
rPois   ∞          Reflect  .    q - +2 hat
rElec   .          Harm     .    k - +2 cloak
rCorr   .          Rampage  .    d - +0 pair of gloves
Will    ++...                    (boots unavailable)
Stlth   +.........               (no amulet)
HPRegen 0.20/turn                z - ring of willpower
MPRegen 0.00/turn                D - +6 ring of intelligence

@: ice-armoured, flying, extremely drained
A: sickness immunity, fire resistance 2, cold vulnerability 1, float, innate
caster, HP casting, extra vitality 1
a: no special abilities


You were on level 9 of the Dungeon.
You visited 1 branch of the dungeon, and saw 9 of its levels.

You collected 501 gold pieces.
You spent 389 gold pieces at shops.

Inventory:

Hand Weapons
 i - a +0 flail
 F - a +3 mace of venom (weapon)
 H - a +2 whip of flaming
 N - a +2 dagger of freezing
Missiles
 b - 3 boomerangs
 e - 6 javelins
 l - 3 silver boomerangs
 n - 20 poisoned darts
 K - a curare-tipped dart
Armour
 d - a +0 pair of gloves (worn)
 k - a +2 cloak (worn)
 p - a +3 leather armour of poison resistance
 q - a +2 hat (worn)
 u - a +4 scale mail (worn)
 G - a scarf of invisibility
 I - a +0 helmet
 L - +0 steam dragon scales
Magical Staves
 y - a staff of fire
Jewellery
 z - a ring of willpower (left hand)
 D - a +6 ring of intelligence (right hand)
Wands
 a - a wand of flame (57)
 r - a wand of charming (14)
 w - a wand of digging (5)
Scrolls
 c - a scroll of poison
 g - 3 scrolls of blinking
 o - a scroll of teleportation
 C - a scroll of amnesia
 E - a scroll of fear
 J - 2 scrolls of identify
 M - a scroll of brand weapon
Potions
 f - 2 potions of mutation
 h - 3 potions of lignification
 j - 3 potions of haste
 m - 2 potions of might
 s - a potion of berserk rage
 t - 5 potions of curing
 v - 4 potions of attraction
 x - 3 potions of brilliance
 A - a potion of ambrosia
 B - 4 potions of flight


   Skills:
 + Level 1.6 Fighting
 + Level 1.5(2.0) Maces & Flails
 + Level 2.2(2.5) Staves
 + Level 4.7 Armour
 + Level 4.3 Dodging
 + Level 3.0 Stealth
 + Level 9.5 Spellcasting


You had 6 spell levels left.
You knew the following spells:

 Your Spells              Type           Power      Damage    Failure   Level
a - Foxfire               Conj/Fire      100%       2x1d9     1%          1
b - Scorch                Fire           100%       2d10      1%          2
c - Kindle Blastsparks    Fire/Tloc/Air  100%       2d18      1%          3
d - Inner Flame           Hex/Fire       53%        N/A       1%          3
e - Flame Wave            Conj/Fire      53%        2d13      6%          4
f - Kiss of Death         Conj/Necr      100%       2d13      1%          1
g - Searing Ray           Conj           100%       2d8       1%          2
h - Call Canine Familiar  Summ           53%        N/A       1%          3
i - Ozocubu's Armour      Ice            53%        N/A       1%          3
Your spell library was empty.

Dungeon Overview and Level Annotations

Branches:
Dungeon (9/15)             Temple (0/1) D:6
   Lair: D:8-11         Orc: D:9-12

Altars:
Zin

Shops:
D:8 =?[(?

Annotations:
D:8 purpskrrrp's ghost, journeyman DjEE
D:9 Grum; Joseph


Innate Abilities, Weirdness & Mutations

You are immune to sickness and miasma.
You are immune to poison.
Your flesh is very heat resistant. (rF++)
You are vulnerable to cold. (rC-)
You float through the air rather than walking.
You learn spells naturally, not from books.
Your magical power is your life essence.
You have superior vitality. (+4 MHP)


Message History

The negative energy hits the wolf!
The wolf is drained!
The wolf is severely wounded.
You feel drained. The wolf barely misses you.
A wolf comes into view.
The howler monkey closely misses you. The wolf bites you but does no damage.
Aiming: Kiss of Death (safe; 1% risk of failure)
Press: ? - help, Q - select action, (/) - cycle Shift-Dir - straight line, f - howler monkey, p - wolf
Aim: a howler monkey (100% to hit)
The negative energy hits the howler monkey!
The howler monkey is drained!
The howler monkey is almost dead.
You feel drained. The wolf closely misses you.
The howler monkey hoots and howls with incredible vigour!
You hear a shout!
You hear a howl!
Aiming: Kiss of Death (safe; 1% risk of failure)
Press: ? - help, Q - select action, (/) - cycle Shift-Dir - straight line, f - howler monkey, p - howler monkey
Aim: a howler monkey (100% to hit)
The negative energy hits the howler monkey!
The howler monkey is drained!
You kill the howler monkey!
You feel drained. The wolf barely misses you.
The howler monkey hits you but does no damage.
Joseph zaps a wand.
You resist with almost no effort.
A wolf comes into view.
The howler monkey hoots and howls with incredible vigour!
A troll comes into view.
The howler monkey barely misses you.
Aiming: Kiss of Death (safe; 1% risk of failure)
Press: ? - help, Q - select action, (/) - cycle Shift-Dir - straight line, f - howler monkey
Aim: a howler monkey (almost dead, heavily drained, 100% to hit)
The negative energy hits the howler monkey.
The howler monkey is drained!
You kill the howler monkey!
You feel drained.
Joseph zaps a wand.
Your mind is blasted!
Ouch! That really hurt!
You die...

...............
...............
./.............
...h...........
...............
.....g@........
.....Oh........
.h...hh@.......
......†........
T..............
...............
................
..................
...................#....
..........#..#.....#....
.:...<.............#....


You could see Joseph, a two-headed ogre, Grum, a troll, 4 wolves and a howler
monkey.

Vanquished Creatures
  Pikel (D:7)
  A wyvern (D:8)
  A steam dragon (D:8)
  3 water moccasins
  A sky beast (D:6)
  An orc warrior (D:7)
  2 ice beasts (D:7)
  A lemure (D:7)
  4 ogres
  2 centaurs
  3 phantoms
  2 kobold brigands (D:8)
  4 bullfrogs
  3 scorpions
  The ghost of koil the Chopper, a weakling HORe of Qazlal (D:3)
  4 howler monkeys
  3 electric eels (D:5)
  A hound (D:4)
  2 jellies
  2 gnoll boudas
  4 orc priests
  A centaur skeleton (D:8)
  3 iguanas
  2 orc wizards
  A spectral killer bee (D:8)
  A centaur simulacrum (D:8)
  11 gnolls
  5 adders
  A howler monkey simulacrum (D:8)
  An ufetubus (D:6)
  A worm (D:2)
  2 dart slugs (D:4)
  20 orcs
  10 ball pythons
  5 endoplasms
  6 giant cockroaches
  5 hobgoblins
  15 kobolds
  4 quokkas
  4 bats
  3 frilled lizards
  4 goblins
  4 rats
155 creatures vanquished.

Vanquished Creatures (collateral kills)
  An orc priest (D:4)
  3 orcs
  A giant cockroach (D:4)
  A quokka (D:4)
  5 foxfires
11 creatures vanquished.

Vanquished Creatures (others)
  A centaur simulacrum (D:8)
  592 foxfires
  2 plants (D:5)
595 creatures vanquished.

Grand Total: 761 creatures vanquished

Notes
Turn   | Place    | Note
-------+----------+-------------------------------------------
     0 | D:1      | Nerdsrcool the Djinni Fire Elementalist began the quest for
                  | the Orb.
     0 | D:1      | Nerdsrcool set off with the following spells memorised:
                  | Foxfire, Scorch, Kindle Blastsparks, Inner Flame, Flame
                  | Wave.
     0 | D:1      | Reached XP level 1. HP: 15/15 MP: 0/0
   205 | D:1      | Reached XP level 2. HP: 19/21 MP: 0/0
   522 | D:1      | Reached skill level 3 in Spellcasting
   603 | D:1      | Reached XP level 3. HP: 25/25 MP: 0/0
   603 | D:1      | Learned a level 1 spell: Kiss of Death
   887 | D:2      | Found a glowing silver altar of Zin.
  1291 | D:2      | Reached XP level 4. HP: 29/31 MP: 0/0
  1446 | D:3      | Noticed a scorpion
  1456 | D:3      | Killed a scorpion
  1457 | D:3      | Reached XP level 5. HP: 27/35 MP: 0/0
  1457 | D:3      | Learned a level 2 spell: Searing Ray
  1531 | D:3      | Reached skill level 4 in Spellcasting
  1660 | D:3      | Found a runed translucent door.
  1660 | D:3      | Noticed koil's ghost (weakling HORe)
  1686 | D:3      | Reached skill level 1 in Armour
  1686 | D:3      | Reached XP level 6. HP: 12/40 MP: 0/0
  2349 | D:3      | Killed koil's ghost
  2505 | D:4      | Noticed an ogre
  2512 | D:4      | Killed an ogre
  2513 | D:4      | Reached skill level 1 in Maces & Flails
  2518 | D:4      | Reached XP level 7. HP: 31/45 MP: 0/0
  2518 | D:4      | Learned a level 3 spell: Call Canine Familiar
  2650 | D:4      | Reached skill level 5 in Spellcasting
  2757 | D:4      | Reached skill level 1 in Fighting
  3299 | D:5      | Entered Level 5 of the Dungeon
  3391 | D:5      | Found a transporter.
  3409 | D:5      | Found a transporter.
  3950 | D:5      | Reached XP level 8. HP: 44/52 MP: 0/0
  3961 | D:5      | Reached skill level 6 in Spellcasting
  4629 | D:6      | Reached skill level 1 in Staves
  4785 | D:6      | Reached skill level 7 in Spellcasting
  4790 | D:6      | Reached XP level 9. HP: 52/57 MP: 0/0
  4790 | D:6      | Learned a level 3 spell: Ozocubu's Armour
  4864 | D:6      | Found a staircase to the Ecumenical Temple.
  5557 | D:7      | Reached skill level 8 in Spellcasting
  5833 | D:7      | Noticed Pikel
  5854 | D:7      | Killed Pikel
  6509 | D:8      | Reached XP level 10. HP: 61/63 MP: 0/0
  6669 | D:8      | Found a runed translucent gate.
  6670 | D:8      | Found a runed translucent gate.
  6671 | D:8      | Found a runed translucent gate.
  6672 | D:8      | Noticed purpskrrrp's ghost (journeyman DjEE)
  6775 | D:8      | Found Obeus's Armour Shoppe.
  6820 | D:8      | Reached skill level 9 in Spellcasting
  7078 | D:8      | Found Xinaw's Magic Scroll Boutique.
  7086 | D:8      | Bought a scroll of enchant armour for 105 gold pieces
  7089 | D:8      | Bought a scroll of identify for 28 gold pieces
  7089 | D:8      | Bought a scroll of identify for 28 gold pieces
  7173 | D:8      | Found Dypuepre's Weapon Boutique.
  7227 | D:8      | Found Nuoreol's Jewellery Shop.
  7431 | D:8      | Found Siunomux's Magic Scroll Shoppe.
  7436 | D:8      | Bought 2 scrolls of brand weapon for 228 gold pieces
  7741 | D:9      | Noticed Joseph
  7748 | D:9      | Noticed Grum
  7748 | D:9      | Noticed a two-headed ogre
  7755 | D:9      | Blown up by Joseph

Illustrated notes

Levels and vault maps discovered:
D:1:      psy_arrival_statuary, layout_rooms, minmay_misc_feat_diagonals,
          ebering_dispersal_statue_hall
D:2:      layout_basic, basic_altar, grunt_ministairs_1
D:3:      layout_basic, ebering_ghost_reflecting_pool
D:4:      layout_basic, kennysheep_nondescript
D:5:      gammafunk_steamed_eel, layout_basic, roderic_roman_lattice,
          kennysheep_generic_room_14
D:6:      layout_rooms, minmay_temple_entry_junction_2
D:7:      layout_cave_pods, uniq_pikel
D:8:      cheibrodos_iron_armory, layout_basic, serial_shops, shop, shop,
          nicolae_shop_behind_doors, nicolae_shop_statue_plus,
          kennysheep_little_box, gammafunk_ghost_necromancy
D:9:      layout_gridville, minmay_misc_feat_plants, uniq_erica, uniq_grum,
          uniq_joseph

Skill      XL: |  1  2  3  4  5  6  7  8  9 10 |
---------------+-------------------------------+-----
Spellcasting   | 3 4 5 7 8 9 |  9.5
Armour         | 1 2 3 4 |  4.7
Maces & Flails | 1 |  1.5
Stealth        | 2 3 |  3.0
Fighting       | 1 |  1.6
Dodging        | 3 4 |  4.3
Staves         | 1 2 |  2.2

Action                   |  1- 3 |  4- 6 |  7- 9 | 10-12 || total
-------------------------+-------+-------+-------+-------++-------
Melee: Flail             |     9 |    15 |       |       ||    24
       Staff             |       |       |    30 |     6 ||    36
       Mace              |       |       |       |     2 ||     2
 Cast: Foxfire           |    82 |    49 |   199 |    55 ||   385
       Scorch            |       |    20 |    10 |       ||    30
       Call Canine Famil |       |       |     5 |       ||     5
       Kindle Blastspark |       |       |    12 |    10 ||    22
       Flame Wave        |       |       |     1 |       ||     1
       Kiss of Death     |       |       |       |    11 ||    11
       Ozocubu's Armour  |       |       |       |     2 ||     2
       Searing Ray       |       |       |       |     1 ||     1
Evoke: Wand              |       |       |       |     1 ||     1
  Use: Scroll            |       |     8 |    11 |     9 ||    28
       Potion            |       |       |       |     2 ||     2
Armor: Leather armour    |     5 |     5 |     7 |       ||    17
       Scale mail        |       |       |    21 |    21 ||    42
Dodge: Dodged            |    10 |    15 |    32 |    24 ||    81

Table legend: (Time is in decaauts)
 A = Elapsed time spent in this place.
 B = Non-inter-level travel time spent in this place.
 C = Inter-level travel time spent in this place.
 D = Time resting spent in this place.
 E = Time spent auto-exploring this place.
 F = Levels seen in this place.
 G = Mean time per level.
                   A        B        C        D        E       F      G
               +--------+--------+--------+--------+--------+-----+--------+
         Total |   7763 |   7749 |     14 |    575 |   5332 |   9 |  862.6 |
       Dungeon |   7763 |   7749 |     14 |    575 |   5332 |   9 |  862.6 |
               +--------+--------+--------+--------+--------+-----+--------+

Top non-repeatable levels by time:
     D:8: 1193 daAuts
     D:7: 1182 daAuts
     D:5: 1174 daAuts
     D:3: 1044 daAuts
     D:4: 834 daAuts
     D:6: 831 daAuts
     D:2: 819 daAuts
     D:1: 608 daAuts
     D:9: 75 daAuts
